 Dungeon Crawl Stone Soup version 0.28.0-53-g5a82cb258f (webtiles) character file.

Game seed: 12334752662578172004

970 safid the Cleaver (level 8, -6/66 HPs)
             Began as a Hill Orc Fighter on Aug 21, 2022.
             Was a Follower of Okawaru.
             Mangled by Blork the orc
             ... wielding a +0 glaive
              (22 damage)
             ... on level 5 of the Dungeon.
             The game lasted 00:08:05 (5068 turns).

safid the Cleaver (Hill Orc Fighter)                Turns: 5068, Time: 00:08:06

Health: -6/66      AC: 15    Str: 21    XL:     8   Next: 16%
Magic:  8/8        EV:  5    Int:  8    God:    Okawaru [*.....]
Gold:   268        SH:  4    Dex: 10    Spells: 7/7 levels left

rFire   . . .      SeeInvis .   a - +0 war axe
rCold   . . .      Faith    .   c - +0 buckler
rNeg    . . .      Spirit   .   B - +0 plate armour
rPois   .          Reflect  .   h - +0 helmet
rElec   .          Harm     .   g - +0 cloak
rCorr   +          Rampage  .   (no gloves)
Will    .....                   A - +0 pair of boots
Stlth   ..........              (no amulet)
HPRegen 0.21/turn               i - ring of resist corrosion
MPRegen 0.11/turn               r - +4 ring of slaying

@: no status effects
A: no striking features
a: Renounce Religion, Heroism


You were on level 5 of the Dungeon.
You worshipped Okawaru.
Okawaru was aware of your devotion.
You visited 2 branches of the dungeon, and saw 6 of its levels.

You collected 268 gold pieces.

Inventory:

Hand Weapons
 a - a +0 war axe (weapon)
Armour
 c - a +0 buckler (worn)
 g - a +0 cloak (worn)
 h - a +0 helmet (worn)
 A - a +0 pair of boots (worn)
 B - a +0 plate armour (worn)
Jewellery
 i - a ring of resist corrosion (left hand)
 r - a +4 ring of slaying (right hand)
Wands
 n - a wand of paralysis (7)
 t - a wand of flame (20)
 v - a wand of mindburst (22)
Scrolls
 f - a scroll of blinking {unknown}
 j - 5 scrolls of teleportation {unknown}
 q - 2 scrolls of identify {unknown}
 s - a scroll of fear {unknown}
 w - a scroll of enchant weapon {unknown}
 x - a scroll of brand weapon {unknown}
 y - a scroll of summoning {unknown}
Potions
 b - a potion of haste {unknown}
 d - 2 potions of might
 e - 3 potions of resistance {unknown}
 k - 2 potions of brilliance {unknown}
 l - 5 potions of curing {unknown}
 m - 4 potions of attraction {unknown}
 o - 2 potions of degeneration {unknown}
 p - a potion of magic {unknown}
 u - a potion of mutation {unknown}
 z - a potion of heal wounds {unknown}


   Skills:
 - Level 4.0 Fighting
 + Level 11.4 Axes
 - Level 4.0 Armour
 - Level 4.0 Shields


You had 7 spell levels left.
You didn't know any spells.
Your spell library contained the following spells:

 Spells                   Type           Power      Damage    Failure   Level
 Magic Dart               Conj           0%         1d3       100%        1
 Searing Ray              Conj           0%         2d4       100%        2
 Gell's Gravitas          Tloc           0%         N/A       100%        3
 Lesser Beckoning         Tloc           0%         N/A       100%        3
 Portal Projectile        Hex/Tloc       0%         N/A       100%        3
 Teleport Other           Tloc           0%         N/A       100%        3
 Fulminant Prism          Conj/Hex       0%         3d6       100%        4
 Leda's Liquefaction      Hex/Erth       0%         N/A       100%        4
 Freezing Cloud           Conj/Ice/Air   0%         6-21      100%        5
 Polar Vortex             Ice            0%         N/A       100%        9
 Call Canine Familiar     Summ           Unusable   N/A       N/A         3
 Simulacrum               Ice/Necr       Unusable   N/A       N/A         6

Dungeon Overview and Level Annotations

Branches:
Dungeon (5/15)             Temple (1/1) D:5

Altars:
Ashenzari
Cheibriados
Dithmenos
Elyvilon
Fedhas
Gozag
Hepliaklqana
Kikubaaqudgha
Makhleb
Nemelex Xobeh
Okawaru
Qazlal
Ru
Trog
Uskayaw
Vehumet
Wu Jian
Xom
Yredelemnul
Zin
The Shining One

Annotations:
D:5 2 transporters, Blork the orc; lotum's ghost, weakling TrDe


Message History

You are too injured to fight recklessly!
You are too injured to fight recklessly!
You are too injured to fight recklessly!
You are too injured to fight recklessly!
You are too injured to fight recklessly!
You are too injured to fight recklessly!
You are too injured to fight recklessly!
You are too injured to fight recklessly!
You are too injured to fight recklessly!
You are too injured to fight recklessly!
You are too injured to fight recklessly!
You are too injured to fight recklessly!
You are too injured to fight recklessly!
You are too injured to fight recklessly!
You are too injured to fight recklessly!
You are too injured to fight recklessly!
You are too injured to fight recklessly!
You are too injured to fight recklessly!
You are too injured to fight recklessly!
Unknown command.
Unknown command.
You barely miss Blork the orc. Blork the orc barely misses you.
Blork the orc closely misses you.
You slash Blork the orc!
Blork the orc is moderately wounded.
Blork the orc casts a spell at you.
The magic dart hits you but does no damage.
You completely miss Blork the orc.
Blork the orc is moderately wounded.
You block Blork the orc's attack.
Blork the orc points at you and mumbles some strange words.
The puff of frost hits you.
You hit Blork the orc.
Blork the orc is heavily wounded.
Blork the orc hits you with a +0 glaive!
* * * LOW HITPOINT WARNING * * *
You hit Blork the orc.
Blork the orc is heavily wounded.
Blork the orc hits you with a +0 glaive!!
You die...

..............#...
###.....##..............
#........##.............
.........####...........
..........# #...........
..!.......# ##.....#..#.
..........(# ####.......
........o..## ##......
........@..$# #..###.
...........# #..# #. #
...........# ##.## #. .
######......# #..# ##
...WO#.....## ##.######
#..#O#...### #.......#
##..#..## ###.8.8.8..
##..#..#### ##...⌠.⌠.⌠..
#..#$#©....###...........


You could see Blork the orc (fast, strong), 2 ogres and lotum's ghost.

Vanquished Creatures
  Grinder (D:5)
  A black bear (D:5)
  A necrophage (D:5)
  A phantom (D:5)
  3 vampire bats (D:3)
  2 hounds
  A bullfrog skeleton (D:5)
  An iguana (D:4)
  A scorpion zombie (D:5)
  A killer bee zombie (D:5)
  A hound skeleton (D:4)
  9 adders
  3 gnolls (D:3)
  A shadow imp (D:5)
  An ufetubus (D:5)
  An adder zombie (D:5)
  An adder skeleton (D:4)
  A worm (D:3)
  A dart slug (D:2)
  5 orcs
  7 bats
  4 bat skeletons (D:3)
  A bat zombie (D:3)
  3 endoplasms
  A giant cockroach (D:3)
  6 hobgoblins
  2 jackals (D:2)
  3 quokkas
  9 ball pythons
  6 frilled lizards
  11 goblins
  7 kobolds
  4 rats
101 creatures vanquished.

Notes
Turn   | Place    | Note
-------+----------+-------------------------------------------
     0 | D:1      | safid the Hill Orc Fighter began the quest for the Orb.
     0 | D:1      | Reached XP level 1. HP: 19/19 MP: 1/1
   319 | D:1      | Reached XP level 2. HP: 27/27 MP: 2/2
   323 | D:1      | Reached skill level 3 in Axes
   973 | D:2      | Reached XP level 3. HP: 31/33 MP: 3/3
  1324 | D:2      | Found a faded altar of an unknown god.
  1397 | D:2      | Reached XP level 4. HP: 32/40 MP: 4/4
  1458 | D:2      | Reached skill level 4 in Axes
  2262 | D:3      | Reached skill level 5 in Axes
  2271 | D:3      | Reached XP level 5. HP: 25/46 MP: 5/5
  2834 | D:3      | You fall into a shaft and drop 1 floor!
  2871 | D:4      | Reached skill level 6 in Axes
  3154 | D:4      | Reached XP level 6. HP: 41/52 MP: 6/6
  3464 | D:4      | Reached skill level 7 in Axes
  3532 | D:5      | Entered Level 5 of the Dungeon
  3722 | D:3      | Found an ancient bone altar of Kikubaaqudgha.
  3724 | D:3      | Reached skill level 8 in Axes
  3728 | D:3      | Reached XP level 7. HP: 59/59 MP: 7/7
  3913 | D:5      | Reached skill level 9 in Axes
  3967 | D:5      | Reached skill level 10 in Axes
  3972 | D:5      | Found a staircase to the Ecumenical Temple.
  3978 | D:5      | Found a transporter.
  3979 | D:5      | Noticed lotum's ghost (weakling TrDe)
  3983 | D:5      | Found a transporter.
  3992 | Temple   | Entered the Ecumenical Temple
  4456 | Temple   | Became a worshipper of Warmaster Okawaru
  4668 | D:5      | Noticed Grinder
  4682 | D:5      | Paralysed by Grinder for 3 turns
  4691 | D:5      | Paralysed by Grinder for 3 turns
  4696 | D:5      | Killed Grinder
  4696 | D:5      | Reached * piety under Okawaru
  4697 | D:5      | Reached skill level 11 in Axes
  4697 | D:5      | Reached XP level 8. HP: 4/66 MP: 8/8
  5043 | D:5      | Identified the +8 great mace of Objectivity {venom, Str+2}
  5057 | D:5      | Noticed Blork the orc
  5068 | D:5      | Mangled by Blork the orc

Illustrated notes

Levels and vault maps discovered:
D:1:      beargit_arrival_diablo_church, layout_loops_ring
D:2:      layout_loops_cross, shapermc_ecumenical_altar_venn
D:3:      layout_basic, kennysheep_vampire_church, hangedman_decor_slide_cut
D:4:      minmay_door_path, layout_rooms, st_stairs_5
D:5:      layout_cave_pods, minmay_temple_entry_drinking_statues,
          gammafunk_ghost_smash, uniq_grinder, uniq_blork_the_orc
Temple:   mainiacjoe_temple_big_plus

Skill      XL: |  1  2  3  4  5  6  7 |
---------------+----------------------+-----
Axes           | 3 5 6 8 11 | 11.4
Fighting       | 4 |  4.0
Armour         | 4 |  4.0
Shields        | 4 |  4.0

Action                   |  1- 3 |  4- 6 |  7- 9 || total
-------------------------+-------+-------+-------++-------
Melee: War axe           |    97 |   140 |    56 ||   293
Armor: Scale mail        |    60 |    29 |       ||    89
       Chain mail        |       |    60 |    11 ||    71
       Plate armour      |       |       |    11 ||    11
Dodge: Dodged            |    47 |    60 |    18 ||   125
Block: Buckler           |    23 |    39 |     9 ||    71
